 Dungeon Crawl Stone Soup version 0.30-a0-596-g0af90f9a20 (webtiles) character file.

Game seed: 2893618528422037683

38 mandoloar the Caller (level 3, 0/15 HPs)
             Began as a Felid Summoner on Jan 6, 2023.
             Was an Initiate of Gozag.
             Succumbed to an adder's poison
             ... on level 2 of the Dungeon.
             The game lasted 00:05:01 (1292 turns).

mandoloar the Caller (Felid Summoner)               Turns: 1292, Time: 00:05:01

Health: 0/15       AC:  1    Str:  4    XL:     3   Next: 25%
Magic:  12/16      EV: 18    Int: 24    God:    Gozag
Gold:   107        SH:  0    Dex: 16    Spells: 3/6 levels left
                                        Lives:  0   Deaths: 0

rFire   . . .      SeeInvis +    (weapon unavailable)
rCold   . . .      Faith    .    (shield unavailable)
rNeg    . . .      Spirit   .    (body armour unavailable)
rPois   .          Reflect  .    (helmet unavailable)
rElec   .          Harm     .    (cloak unavailable)
rCorr   .          Rampage  .    (gloves unavailable)
Will    .....                    (boots unavailable)
Stlth   ++                       (no amulet)
HPRegen 0.22/turn                c - +6 ring of intelligence
MPRegen 0.15/turn                i - ring of magical power

@: lethally poisoned (0 -> 0), gold aura, quick
A: very small, claws 1, fangs 3, see invisible, speed 1, shaggy fur 1, stealthy
paws, no weapons or thrown items, no armour, multi-lived
a: Renounce Religion, Potion Petition, Call Merchant, Bribe Branch


You were on level 2 of the Dungeon.
You worshipped Gozag.
Gozag was aware of your devotion.
You visited 1 branch of the dungeon, and saw 2 of its levels.

You collected 125 gold pieces.
You paid 18 gold pieces to Gozag.

Inventory:

Jewellery
 b - a ring of ice
 c - a +6 ring of intelligence (left paw)
 i - a ring of magical power (right paw)
Scrolls
 e - a scroll of identify {unknown}
Potions
 a - a potion of magic
 d - a potion of haste {unknown}
 f - a potion of attraction {unknown}
 h - a potion of heal wounds {unknown}
 k - a potion of curing {unknown}


   Skills:
 + Level 1.0 Fighting
 + Level 3.3 Dodging
 + Level 3.4 Stealth
 + Level 2.3 Spellcasting
 + Level 4.2 Summonings


You had 3 spell levels left.
You knew the following spells:

 Your Spells              Type           Power      Damage    Failure   Level
a - Summon Small Mammal   Summ           92%        N/A       1%          1
b - Call Imp              Summ           23%        N/A       3%          2

Your spell library contained the following spells:

 Spells                   Type           Power      Damage    Failure   Level
 Call Canine Familiar     Summ           23%        N/A       6%          3
 Summon Guardian Golem    Hex/Summ       13%        N/A       14%         3
 Tukima's Dance           Hex            2%         N/A       34%         3
 Summon Lightning Spire   Summ/Air       13%        N/A       43%         4
 Blade Hands              Tmut           1%         N/A       97%         5
 Portal Projectile        Hex/Tloc       Unusable   N/A       N/A         3

Dungeon Overview and Level Annotations

Branches:
Dungeon (2/15)

Altars:
Gozag


Innate Abilities, Weirdness & Mutations

You have sharp claws.
You have razor-sharp teeth.
You have supernaturally acute eyesight. (SInv)
You cover ground quickly. (Speed+)
You are covered in fur. (AC +1)
Your paws help you pounce on unaware monsters.
You are incapable of wielding weapons or throwing items.
You cannot wear armour.
You gain extra lives every three experience levels.


Message History

Your iron imp hits the hobgoblin!
The hobgoblin dies!
The adder closely misses your bat.
Your Fighting skill increases to level 1!
Your bat hits the adder but does no damage.
Your bat hits the adder but does no damage.
The adder misses you.
Casting: Summon Small Mammal (safe; 1% risk of failure)
Confirm with . or Enter, or press ? or * to list all spells.
Your bat completely misses the adder.
Your bat closely misses the adder.
The adder misses you.
Your bat hits the adder. The adder closely misses you.
Your bat hits the adder.
Your bat closely misses the adder.
Your bat barely misses the adder.
The adder bites you. x2
A beastly little devil appears in a puff of flame.
Your bat hits the adder but does no damage.
The adder bites you.
You are lethally poisoned!
The adder poisons you!
Your bat hits the adder.
You swap places.
* * * LOW HITPOINT WARNING * * *
You feel sick.
Your bat closely misses the adder.
* * * LOW HITPOINT WARNING * * *
You feel sick.
Your bat misses the adder.
Your bat hits the adder but does no damage.
Your crimson imp blinks!
Your bat closely misses the adder.
Your bat barely misses the adder.
The adder closely misses you.
Your bat barely misses the adder.
* * * LOW HITPOINT WARNING * * *
You feel sick.
Your bat completely misses the adder.
Your bat hits the adder. The adder bites your bat.
Your bat is poisoned.
The adder poisons your bat!
* * * LOW HITPOINT WARNING * * *
You feel sick.
You are too injured to fight recklessly!
* * * LOW HITPOINT WARNING * * *
You feel sick.
You die...
Your body crumbles into a pile of gold.

########
########......####
#......#5##......#
#[####.#5##.#.##.#
#...)..........#.#
#.#.##.#.##.#..#.#
#.#.##.#.##^#..#.# .#
#......#.........######
..
#.#.##.#######..@..Sb.#
#.# #.....).#
########b## ...
#.......# #...## ...
#.#.###.# #....#b.# ...
#.#..# #
#.#.###.######...
#.##.# #
#....#§.##.......
#.##.##.#
#.##......§5.....
#.......# ..
#.##....##.......
####.####
..##.......######...


You could see an adder (ally target) and 2 friendly bats.

Vanquished Creatures
  A kobold (D:1)
1 creature vanquished.

Vanquished Creatures (collateral kills)
  2 adders (D:2)
  3 bats
  4 endoplasms
  2 goblins (D:2)
  3 hobgoblins
  3 ball pythons (D:1)
  A frilled lizard (D:1)
  A kobold (D:2)
19 creatures vanquished.

Grand Total: 20 creatures vanquished

Notes
Turn   | Place    | Note
-------+----------+-------------------------------------------
     0 | D:1      | mandoloar the Felid Summoner began the quest for the Orb.
     0 | D:1      | Reached XP level 1. HP: 7/7 MP: 4/4
   129 | D:1      | Found a faded altar of an unknown god.
   353 | D:1      | Reached XP level 2. HP: 11/11 MP: 4/6
   358 | D:1      | Learned a level 2 spell: Call Imp
   995 | D:2      | Found an opulent altar of Gozag.
  1000 | D:2      | Became a worshipper of Gozag Ym Sagoz the Greedy
  1220 | D:2      | Reached XP level 3. HP: 15/15 MP: 7/7
  1277 | D:2      | Reached skill level 1 in Fighting
  1292 | D:2      | Succumbed to an adder's poison

Illustrated notes

Levels and vault maps discovered:
D:1:      dpeg_arrival_central, layout_basic,
          hellmonk_ecumenical_altar_pennies_from_heaven
D:2:      layout_loops_cross, basic_altar

Skill      XL: |  1  2  3 |
---------------+----------+-----
Stealth        | 3 |  3.4
Dodging        | 3 |  3.3
Fighting       | 1 |  1.0
Spellcasting   | |  2.3
Summonings     | |  4.2

Action                   || total
-------------------------++-------
Melee: Unarmed           ||     2
       Bite              ||     1
 Cast: Summon Small Mamm ||    21
       Call Imp          ||     9
  Use: Scroll            ||     3
Armor: Skin              ||     8
Dodge: Dodged            ||    42

Table legend: (Time is in decaauts)
 A = Elapsed time spent in this place.
 B = Non-inter-level travel time spent in this place.
 C = Inter-level travel time spent in this place.
 D = Time resting spent in this place.
 E = Time spent auto-exploring this place.
 F = Levels seen in this place.
 G = Mean time per level.
                   A        B        C        D        E       F      G
               +--------+--------+--------+--------+--------+-----+--------+
         Total |   1141 |   1132 |      9 |    190 |    668 |   2 |  570.5 |
       Dungeon |   1141 |   1132 |      9 |    190 |    668 |   2 |  570.5 |
               +--------+--------+--------+--------+--------+-----+--------+

Top non-repeatable levels by time:
     D:1: 872 daAuts
     D:2: 268 daAuts
